woodfighter, chaotic female giant Ranger -------------- |............| |............. |............| |...........<| - --.-----.--- S# # @#### # woodfighter the Ranger Experience level: 7 Strength: 18/82 Dexterity: 12 Constitution: 17 Intelligence: 13 Wisdom: 14 Charisma: 8 Health: 0(47) Energy: 35(35) Def: 17 Gold: 702 Moves: 5176 Dungeon seed [set]: Game ID: woodfighter_1678195955 Your Inventory: Coins $ - 702 gold pieces Weapons a - an uncursed +0 bow (weapon in hand) k - 25 uncursed +0 arrows (in quiver) l - 6 uncursed +0 arrows p - an uncursed +2 sling I - 9 cursed -3 silver arrows Armor g - a blessed +0 pair of high boots m - an uncursed +0 pair of speed boots (being worn) q - a blessed +2 dented pot (being worn) s - an uncursed +0 pair of elven boots w - an uncursed +0 helmet M - an uncursed +0 pair of leather gloves V - an uncursed +0 mummy wrapping Y - an uncursed +1 large shield (being worn) Comestibles b - 3 uncursed cram rations t - an uncursed apple u - an uncursed cream pie v - an uncursed egg F - an uncursed clove of garlic K - an uncursed food ration Scrolls o - a blessed scroll of teleportation R - an uncursed scroll of identify Spellbooks j - an uncursed spellbook of slow monster Potions d - a cursed potion of object detection f - an uncursed potion of booze i - 4 uncursed potions of hallucination A - a blessed potion of booze B - an uncursed potion of gain energy C - a cursed potion of monster detection T - an uncursed potion of water Wands c - an uncursed wand of slow monster (0:3) Tools Z - an uncursed oil lamp (0:1048) Gems e - 33 uncursed flints z - an uncursed dilithium crystal Boulders/Statues n - an uncursed boulder r - an uncursed boulder y - an uncursed boulder N - an uncursed boulder Q - an uncursed boulder Spells and supernatural/magical abilities: Name Level Category Fail Memory W - pray for help -- divine ? -- Your skills at the end: Miscellaneous Skills shield [Basic] wands [Basic] Weapon Skills two-handed sword [Basic] bow [Skilled] sling [Basic] Spellcasting Skills Final Attributes: You were devoutly aligned. You were cold resistant. You were telepathic. You had automatic searching. You had infravision. You were somewhat stealthy. You were very fast. You were lucky. You are dead. Vanquished creatures: a leprechaun a gnome king 2 dwarf mummies a dog a blue jelly a dust vortex 2 pit vipers an ape 2 wood nymphs a shrieker a kobold mummy a giant ant a puppy 4 floating eyes 2 iguanas 2 hill orcs 4 jitterbugs 4 orc zombies a coyote a gas spore an acid blob 3 geckos a hobgoblin a giant rat a cave spider 2 brown molds a yellow mold a gnome 2 manes a gnome zombie 5 jackals 4 kobolds 2 newts 3 sewer rats 5 grid bugs 7 bats 5 lichens 2 kobold zombies 81 creatures vanquished. Voluntary challenges: You did not adorn yourself with jewelry or accessories. You did not cause conflict. You were not invisible. You did not have reflection. You were not displaced. You did not donate to any temples.. You never hit with a wielded weapon. You did not use containers. You did not apply a unicorn horn. You did not use plumbed fixtures. You did not drink any magical draughts. You read items or engraved 1 time, starting on turn 2061. You never genocided any monsters. You never polymorphed an object. You never changed form. You used no wishes. You did not use any artifacts. You never split a pudding. You never wrote Elbereth's name. You never violated your personal moral code. You enabled loading special bones files. Dungeon overview: The Dungeons of Doom: levels 1 to 9 Level 1 an altar to Mars, a sink a long staircase Level 2 (Mjollnir) a vault, a general store stairs to The Gnomish Mines Level 3 (box) an armor shop Level 4 a vault, a shop Level 5 (boxes + water) a fountain, a bench Level 6 a fountain Level 7 (water + broad pick) a fountain Level 8 many fountains Level 9 <- You were here a vault The Gnomish Mines: Level 3 stairs to The Dungeons of Doom History has recorded: On T:1 you entered the Dungeons of Doom to retrieve the Amulet of Yendor! On T:97 you reached level 2 of The Dungeons of Doom. On T:1175 you advanced to experience level 2. On T:1180 you reached level 1 of The Gnomish Mines. On T:1273 you reached level 3 of The Dungeons of Doom. On T:1858 you reached level 4 of The Dungeons of Doom. On T:2224 you advanced to experience level 3. On T:2782 you reached level 5 of The Dungeons of Doom. On T:2879 you reached level 6 of The Dungeons of Doom. On T:2936 you advanced to experience level 4. On T:3264 you advanced to experience level 5. On T:3996 you reached level 7 of The Dungeons of Doom. On T:4151 you reached level 8 of The Dungeons of Doom. On T:4551 you advanced to experience level 6. On T:4833 you reached level 9 of The Dungeons of Doom. On T:5172 you advanced to experience level 7. Score breakdown: Gold: 702 ( 70 points) Experience: 7 levels ( 600 points) Exploration: 9 levels ( 240 points) Discoveries: 16 items ( 800 points) Variety of kills: 38 monsters ( 1900 points) Major goal: (nothing yet) ( 0 points) Survival: died (score multiplied by 3) Total score: 10830 Latest messages: You shoot 3 arrows. The 1st arrow hits the pit viper. The 2nd arrow hits the pit viper! The 3rd arrow hits the pit viper! You kill the pit viper! Welcome to experience level 7. You feel more confident in your skills. Something misses. (2x) You shoot 2 arrows. The 1st arrow hits the pit viper. The 2nd arrow hits the pit viper. The pit viper just misses! The pit viper bites! (3x) The pit viper's bite was poisoned! You shoot 2 arrows. The 1st arrow hits the pit viper. The 2nd arrow hits the pit viper! The pit viper bites! (2x) You kill the pit viper! Something misses. A pit viper was hidden under 9 uncursed +0 arrows! The pit viper bites! The pit viper's bite was poisoned! You die... Final status: Goodbye woodfighter the Ranger, poisoned by a pit viper... You died in The Dungeons of Doom on dungeon level 9 with 10830 points, and 702 pieces of gold, after 5176 moves. You were level 7 with a maximum of 47 hit points when you died.